 Dungeon Crawl Stone Soup version 0.30-a0-913-g9934a0ce24 (webtiles) character file.

Game seed: 5546402147185421367

2708 BlueFish the Covert (level 9, -7/58 HPs)
             Began as an Octopode Transmuter on Mar 19, 2023.
             Mangled by Erica
             ... wielding a +3 scimitar of flaming
              (16 damage)
             ... on level 8 of the Dungeon.
             The game lasted 00:19:14 (7815 turns).

BlueFish the Covert (Octopode Transmuter)           Turns: 7815, Time: 00:19:14

Health: -7/58      AC:  2    Str: 13    XL:     9   Next: 66%
Magic:  10/15      EV: 23    Int: 16    God:
Gold:   455        SH:  0    Dex: 23    Spells: 6/16 levels left

rFire   + . .      SeeInvis .      - Unarmed
rCold   . . .      Faith    .    (shield currently unavailable)
rNeg    . . .      Spirit   .    (helmet currently unavailable)
rPois   x          Reflect  .    (no amulet)
rElec   .          Rampage  .    j - ring of flight
rCorr   .                        k - +6 ring of dexterity
Will    .....                    u - ring of wizardry
Stlth   ++++                     v - ring of protection from fire
HPRegen 0.29/turn                (no ring)
MPRegen 0.14/turn                (no ring)
                                 (no ring)
                                 (no ring)

@: spider-form, flying
A: venomous fangs, almost no armour, (amphibious), 8 rings, tiny, (camouflage
1), (gelatinous body 1), (nimble swimmer 1), (tentacles)
a: End Transformation


You were on level 8 of the Dungeon.
You were a venomous arachnid creature.
You visited 2 branches of the dungeon, and saw 9 of its levels.
You also visited: Sewer.

You collected 455 gold pieces.

Inventory:

Missiles
 l - 16 poisoned darts
 B - 4 boomerangs
Jewellery
 j - a ring of flight (left front pincers)
 k - a +6 ring of dexterity (right front pincers)
 u - a ring of wizardry (on tentacle)
 v - a ring of protection from fire (on tentacle)
 y - an amulet of faith
Wands
 f - a wand of iceblast (12)
 m - a wand of flame (22)
 x - a wand of paralysis (7)
 A - a wand of polymorph (2)
Scrolls
 b - 3 scrolls of teleportation
 d - a scroll of enchant weapon {unknown}
 g - a scroll of torment {unknown}
 p - a scroll of fear {unknown}
 s - 4 scrolls of magic mapping {unknown}
 t - a scroll of noise {unknown}
 C - a scroll of fog {unknown}
Potions
 a - a potion of lignification
 e - 3 potions of haste
 h - a potion of resistance
 i - 2 potions of magic
 n - 6 potions of curing
 o - a potion of berserk rage
 q - 2 potions of attraction
 r - 2 potions of brilliance
 w - 3 potions of flight
 z - a potion of heal wounds


   Skills:
 + Level 4.1 Fighting
 + Level 4.5 Dodging
 * Level 8.3 Stealth
 + Level 5.0 Unarmed Combat
 + Level 4.2 Spellcasting
 + Level 4.5 Transmutations
 * Level 3.7 Ice Magic
 - Level 6.1 Poison Magic


You had 6 spell levels left.
You knew the following spells:

 Your Spells              Type           Power      Damage    Failure   Level
a - Beastly Appendage     Tmut           36%        N/A       4%          1
b - Wereblood             Tmut           18%        N/A       4%          2
c - Spider Form           Tmut/Pois      20%        N/A       6%          3
d - Ice Form              Ice/Tmut       16%        N/A       24%         4

Your spell library contained the following spells:

 Spells                   Type           Power      Damage    Failure   Level
 Static Discharge         Conj/Air       6%         2-3/arc   21%         2
 Vhi's Electric Charge    Tloc/Air       6%         N/A       34%         3
 Arcjolt                  Conj/Air       1%         1d11      93%         5
 Plasma Beam              Fire/Air       1%         2x1d12    93%         5


Dungeon Overview and Level Annotations

Branches:
Dungeon (8/15)             Temple (1/1) D:5           Sewer (visited)
   Lair: D:8-11

Altars:
Ashenzari
Cheibriados
Dithmenos
Elyvilon
Fedhas
Gozag
Hepliaklqana
Kikubaaqudgha
Makhleb
Nemelex Xobeh
Okawaru
Qazlal
Ru
Sif Muna
Trog
Uskayaw
Vehumet
Wu Jian
Xom
Yredelemnul
Zin
The Shining One

Shops:
D:6 :(

Annotations:
D:8 Erica


Innate Abilities, Weirdness & Mutations

You are a venomous arachnid creature.
You have venomous fangs.
You are tiny and dextrous.
Your spellcasting is less reliable in this form.
Your armour is entirely melded.
You are incapable of wielding weapons or throwing items.
You cannot wear most types of armour.
((You are amphibious.))
You can wear up to eight rings at the same time.
((Your skin changes colour to match your surroundings (Stealth+).))
((Your rubbery body absorbs attacks. (AC +1, EV +1)))
((You are camouflaged when in or above water. (Stealth+)))
((You have tentacles for arms and can constrict up to eight enemies at once.))


Message History

The bullfrog is almost dead.
You constrict the bullfrog.
You kill the bullfrog!
Casting: Ice Form (dangerous; 12% risk of failure)
Confirm with . or Enter, or press ? or * to list all spells.
You turn into a creature of crystalline ice.
You start resting.
Erica is nearby!
Found a potion of attraction.
Erica casts a spell at you. The bolt of poison hits you. You resist.
A jelly comes into view.
The jelly quivers.
Casting: Ice Form (dangerous; 12% risk of failure)
Confirm with . or Enter, or press ? or * to list all spells.
You warm up again.
You turn into a venomous arachnid creature.
Erica casts a spell.
Erica flickers and vanishes!
Deactivating autopickup; reactivate with Ctrl-A.
Something hits you! Something burns you.
You bite something!
You hear some strange, mumbled words.
Something tries to affect you, but you resist.
You completely miss something. You hit something but do no damage.
Something hits you! Something burns you.
You hit something. Something barely misses you.
You barely miss something.
You hear some strange, mumbled words.
Something tries to affect you, but you resist.
You hit something. Something hits you!!
* * * LOW HITPOINT WARNING * * *
Something burns you.
* * * LOW HITPOINT WARNING * * *
The jelly misses you.
Aiming: Paralyse
Press: ? - help, Shift-Dir - straight line, f - jelly
Aim: a jelly (chance to affect: 57%)
The jelly suddenly stops moving!
Something hits you!
You die...

########################
....!...Js{.............
.###############.†#####
#<.# #.......#
#...##.... @... ####.#
##. .# # #


You could see a jelly (paralysed).

Vanquished Creatures
  Pikel (D:5)
  A hornet (D:7)
  A wyvern (D:7)
  Menkaure (D:5)
  Duvessa (D:6)
  2 ice beasts
  Pargi (Sewer)
  2 sky beasts
  An ogre (D:6)
  3 scorpions
  3 bullfrogs
  A water moccasin zombie (D:3)
  Dowan (D:6)
  5 killer bees (D:6)
  2 hounds
  A gnoll bouda (D:4)
  An orc priest (D:3)
  An iguana (D:6)
  Jessica (D:2)
  Terence (D:3)
  3 orc wizards
  2 sleepcaps
  Natasha (thrice) (D:2)
  2 scorpion zombies (D:3)
  3 gnolls (D:4)
  10 adders
  A river rat (D:3)
  A white imp (D:7)
  A worm (D:2)
  3 dart slugs
  16 orcs
  10 bats
  3 endoplasms
  7 giant cockroaches
  8 goblins
  8 hobgoblins
  7 kobolds
  6 quokkas
  6 ball pythons
  A ball python skeleton (D:3)
  A frilled lizard (D:3)
  2 quokka skeletons (D:3)
  5 rats
140 creatures vanquished.

Notes
Turn   | Place    | Note
-------+----------+-------------------------------------------
     0 | D:1      | BlueFish the Octopode Transmuter began the quest for the
                  | Orb.
     0 | D:1      | Reached XP level 1. HP: 13/13 MP: 3/3
    81 | D:1      | Reached skill level 1 in Stealth
   120 | D:1      | Reached XP level 2. HP: 18/18 MP: 5/5
   124 | D:1      | Learned a level 2 spell: Wereblood
   238 | D:1      | Found a faded altar of an unknown god.
   716 | D:1      | Reached skill level 2 in Stealth
   775 | D:2      | Reached XP level 3. HP: 15/23 MP: 6/6
   779 | D:2      | Learned a level 3 spell: Spider Form
   822 | D:2      | Found a shadowy altar of Dithmenos.
   834 | D:2      | Noticed Natasha
   841 | D:2      | Killed Natasha
   851 | D:2      | Reached skill level 1 in Poison Magic
   976 | D:2      | Reached XP level 4. HP: 27/28 MP: 7/7
  1046 | D:2      | Noticed Jessica
  1055 | D:2      | Killed Jessica
  1188 | D:2      | Identified the +6 scale mail "Qesesh" {rF+}
  1230 | D:2      | Noticed Natasha
  1235 | D:2      | Killed Natasha
  1236 | D:2      | Reached skill level 3 in Stealth
  1236 | D:2      | Reached XP level 5. HP: 20/34 MP: 6/8
  1320 | D:2      | Noticed Natasha
  1327 | D:2      | Killed Natasha
  1820 | D:3      | Found a glowing drain.
  1824 | Sewer    | Entered a sewer
  1863 | Sewer    | Noticed Pargi
  1882 | Sewer    | Killed Pargi
  1883 | Sewer    | Reached skill level 4 in Stealth
  1883 | Sewer    | Reached XP level 6. HP: 35/39 MP: 3/10
  2228 | D:3      | Noticed Terence
  2242 | D:3      | Killed Terence
  2536 | D:3      | Reached XP level 7. HP: 45/45 MP: 11/11
  3015 | D:4      | Learned a level 4 spell: Ice Form
  3021 | D:4      | Found a glowing golden altar of the Shining One.
  3411 | D:4      | Reached skill level 5 in Stealth
  3775 | D:5      | Entered Level 5 of the Dungeon
  4004 | D:5      | Found a staircase to the Ecumenical Temple.
  4013 | Temple   | Entered the Ecumenical Temple
  4221 | D:5      | Reached skill level 1 in Ice Magic
  4446 | D:5      | Reached XP level 8. HP: 46/51 MP: 8/12
  4645 | D:5      | Found a sacrificial altar of Ru.
  4646 | D:5      | Noticed Menkaure
  4648 | D:5      | Noticed Pikel
  4656 | D:5      | Killed Pikel
  4657 | D:5      | Reached skill level 6 in Stealth
  4661 | D:5      | HP: 1/52 [hound (4)]
  5064 | D:5      | Found a sparkling altar of Nemelex Xobeh.
  5069 | D:5      | Found a basalt altar of Yredelemnul.
  5212 | D:5      | Found an ornate altar of the Wu Jian Council.
  5503 | D:5      | Killed Menkaure
  5504 | D:5      | Reached skill level 5 in Poison Magic
  5702 | D:6      | Found Gogy's Book Shop.
  5712 | D:6      | Noticed Duvessa
  5724 | D:6      | Noticed Dowan
  5735 | D:6      | Killed Duvessa
  5750 | D:6      | Killed Dowan
  5751 | D:6      | Reached skill level 7 in Stealth
  6072 | D:6      | Reached XP level 9. HP: 54/57 MP: 11/14
  6664 | D:6      | Found Seygol's Antique Weapon Shoppe.
  7127 | D:7      | Noticed a hornet
  7160 | D:7      | Killed a hornet
  7161 | D:7      | Reached skill level 8 in Stealth
  7363 | D:7      | Reached skill level 5 in Unarmed Combat
  7457 | D:8      | Found a broken altar of Ashenzari.
  7554 | D:8      | Noticed a two-headed ogre
  7578 | D:8      | HP: 1/69 [yak (12)]
  7790 | D:8      | Noticed Erica
  7815 | D:8      | Mangled by Erica

Illustrated notes

Levels and vault maps discovered:
D:1:      sevenhm_arrival_forest_fort_small_3, layout_basic,
          shapermc_ecumenical_altar_totnotflames
D:2:      layout_loops_ring, basic_altar, uniq_natasha, uniq_jessica
D:3:      layout_basic, serial_undead, serial_undead_d, serial_undead_c,
          serial_undead_b, serial_undead_e, gup_sewer_entry_spiral, uniq_terence
D:4:      layout_basic, old_standard_altar
D:5:      layout_layer_cave, nicolae_ru_sacrificial_ziggurat,
          nicolae_wu_jian_immortal_techniques, minitemple,
          minmay_temple_entry_poolview, uniq_menkaure, uniq_pikel
D:6:      layout_rooms, serial_shops, nicolae_stop_n_shop_2,
          kennysheep_mini_moat, uniq_duvessa
D:7:      layout_loops_cross
D:8:      layout_loops_ring, amcnicky_altar_gilded, uniq_erica, uniq_maggie,
          uniq_prince_ribbit1, uniq_gastronok
Temple:   nicolae_temple_slightly_damp_pantheon

Skill      XL: |  1  2  3  4  5  6  7  8  9 |
---------------+----------------------------+-----
Stealth        | 1 2 3 4 5 7 8 |  8.3
Poison Magic   | 1 2 3 4 5 6 |  6.1
Fighting       | 2 3 4 |  4.1
Transmutations | 3 4 |  4.5
Dodging        | 3 4 |  4.5
Spellcasting   | 3 4 |  4.2
Unarmed Combat | 4 5 |  5.0
Ice Magic      | 1 2 3 |  3.7

Action                     |  1- 3 |  4- 6 |  7- 9 || total
---------------------------+-------+-------+-------++-------
  Melee: Unarmed           |    61 |   103 |   252 ||   416
         Constrict         |    18 |    25 |    11 ||    54
         Tentacles         |    10 |    16 |     9 ||    35
         Punch             |     1 |     1 |     2 ||     4
         Kick              |     2 |    22 |     1 ||    25
   Cast: Beastly Appendage |     1 |    19 |     1 ||    21
         Spider Form       |       |     3 |    34 ||    37
         Ice Form          |       |       |     6 ||     6
  Evoke: Wand              |       |       |     1 ||     1
    Use: Scroll            |       |       |    13 ||    13
   Stab: Sleeping          |     6 |    12 |    15 ||    33
 Armour: Skin              |     2 |    10 |    17 ||    29
  Dodge: Dodged            |    36 |    73 |   218 ||   327

Table legend: (Time is in decaauts)
 A = Elapsed time spent in this place.
 B = Non-inter-level travel time spent in this place.
 C = Inter-level travel time spent in this place.
 D = Time resting spent in this place.
 E = Time spent auto-exploring this place.
 F = Levels seen in this place.
 G = Mean time per level.
                   A        B        C        D        E       F      G
               +--------+--------+--------+--------+--------+-----+--------+
         Total |   7788 |   7559 |    229 |    139 |   5742 |  10 |  778.8 |
       Dungeon |   7429 |   7219 |    210 |    139 |   5505 |   8 |  928.6 |
        Temple |    185 |    166 |     19 |      0 |    150 |   1 |  185.0 |
         Sewer |    173 |    173 |      0 |      0 |     87 |   1 |  173.0 |
               +--------+--------+--------+--------+--------+-----+--------+

Top non-repeatable levels by time:
     D:5: 1736 daAuts
     D:3: 1141 daAuts
     D:6: 1001 daAuts
     D:7: 892 daAuts
     D:2: 885 daAuts
     D:4: 815 daAuts
     D:1: 748 daAuts
     D:8: 208 daAuts
  Temple: 185 daAuts
   Sewer: 173 daAuts
